 Dungeon Crawl Stone Soup version 0.24.0-41-g2ae2f7f1be (webtiles) character file.

Game seed: 8370811260937584044, levelgen mode: deterministic

38497 Peloso the Fencer (level 13, 0/118 HPs)
             Began as a Minotaur Fighter on Dec 14, 2019.
             Was the Champion of Okawaru.
             Slain by an elephant (8 damage)
             ... on level 4 of the Lair of Beasts.
             The game lasted 00:51:11 (19186 turns).

Peloso the Fencer (Minotaur Fighter)               Turns: 19186, Time: 00:51:12

Health: 0/118      AC: 18    Str: 23    XL:     13   Next: 64%
Magic:  13/13      EV: 10    Int:  5    God:    Okawaru [******]
Gold:   1441       SH: 18    Dex: 16    Spells: 12/12 levels left

rFire    + . .     SeeInvis +   a - +5 double sword (slice)
rCold    + . .     Gourm    .   c - +0 shield {reflect}
rNeg     . . .     Faith    .   Q - +0 plate armour
rPois    .         Spirit   .   (helmet restricted)
rElec    .         Reflect  +   z - +1 cloak of the Good {rF+ rC+ SInv}
rCorr    .         Harm     .   (no gloves)
MR       .....                  (no boots)
Stlth    ..........             C - +4 amulet of reflection
HPRegen  0.29/turn              N - ring of flight
MPRegen  0.13/turn              Z - +3 ring of dexterity

@: lethally poisoned (0 -> -1)
A: retaliatory headbutt, horns 2
a: Heroism, Finesse, Renounce Religion, Evoke Flight


You were on level 4 of the Lair of Beasts.
You worshipped Okawaru.
Okawaru was exalted by your worship.
You were not hungry.

You visited 3 branches of the dungeon, and saw 17 of its levels.
You also visited: Sewer, Ossuary, Gauntlet and Ice Cave.

You collected 1441 gold pieces.

Inventory:

Hand Weapons
 a - a +5 double sword of slicing (weapon)
 b - a +2 scimitar of flaming
Armour
 c - a +0 shield of reflection (worn)
 r - +0 fire dragon scales
 z - the +1 cloak of the Good (worn) {rF+ rC+ SInv}
   (Okawaru gifted it to you on level 9 of the Dungeon)

   It protects you from fire.
   It protects you from cold.
   It lets you see invisible.
 Q - a +0 plate armour (worn)
Jewellery
 i - an uncursed ring of ice
 C - a +4 amulet of reflection (around neck)
 N - a ring of flight (left hand)
 Z - a +3 ring of dexterity (right hand)
Wands
 h - a wand of polymorph (12)
 m - a wand of paralysis (5)
 o - a wand of disintegration (7)
 R - a wand of digging (2)
Scrolls
 e - 10 scrolls of teleportation
 g - a scroll of enchant armour
 k - 4 scrolls of blinking
 l - 11 scrolls of remove curse
 n - 2 scrolls of magic mapping
 y - a scroll of summoning {unknown}
 M - a scroll of noise {unknown}
 S - a scroll of random uselessness {unknown}
 V - a scroll of silence {unknown}
 W - 3 scrolls of immolation {unknown}
Potions
 d - 2 potions of might
 p - 2 potions of heal wounds
 q - 2 potions of brilliance
 s - 5 potions of haste
 t - 6 potions of curing
 A - 5 potions of agility
 B - 6 potions of lignification {unknown}
 D - a potion of magic {unknown}
 E - a potion of degeneration {unknown}
 F - 6 potions of flight {unknown}
 H - 5 potions of berserk rage {unknown}
 J - a potion of resistance {unknown}
 L - 2 potions of ambrosia {unknown}
Miscellaneous
 j - a lightning rod (4/4)
 u - a lightning rod (4/4)
Comestibles
 f - 25 rations


   Skills:
 + Level 12.0 Fighting
 + Level 15.0 Long Blades
 + Level 12.6 Armour
 + Level 5.3 Dodging
 + Level 1.1 Stealth
 + Level 15.0 Shields
 + Level 2.0 Invocations
 + Level 0.6 Evocations


You had 12 spell levels left.
You didn't know any spells.
Your spell library contained the following spells:

 Spells                   Type           Power        Failure   Level  Hunger
 Animate Skeleton         Necr           N/A          99%         1    ##.....
 Apportation              Tloc           #.....       99%         1    ##.....
 Confusing Touch          Hex            #.....       99%         1    ##.....
 Flame Tongue             Conj/Fire      #....        99%         1    ##.....
 Infusion                 Chrm           #...         99%         1    ##.....
 Summon Small Mammal      Summ           #...         99%         1    ##.....
 Shroud of Golubria       Chrm/Tloc      #.....       100%        2    ###....
 Song of Slaying          Chrm           #.......     100%        2    ###....
 Confuse                  Hex            #.......     100%        3    ####...
 Gell's Gravitas          Tloc           #.........   100%        3    ####...
 Regeneration             Chrm/Necr      #.........   100%        3    ####...
 Spectral Weapon          Hex/Chrm       #.......     100%        3    ####...
 Spider Form              Tmut/Pois      #.........   100%        3    ####...
 Teleport Other           Tloc           #.......     100%        3    ####...
 Cause Fear               Hex            #.........   100%        4    #####..
 Force Lance              Conj/Tloc      #.......     100%        4    #####..
 Petrify                  Tmut/Erth      #.......     100%        4    #####..
 Metabolic Englaciation   Hex/Ice        #.........   100%        5    ######.
 Yara's Violent Unravell  Hex/Tmut       #.........   100%        5    ######.
 Bolt of Fire             Conj/Fire      #.........   100%        6    #######
 Dispersal                Tloc           #.........   100%        6    #######
 Dragon Form              Tmut           #.........   100%        7    #######
 Dragon's Call            Summ           #.........   100%        9    #######


Dungeon Overview and Level Annotations

Branches:
Dungeon (11/15)            Temple (1/1) D:4            Lair (5/6) D:11
  Swamp (0/4) Lair:2       Spider (0/4) Lair:4          Orc (0/2) D:11
  Sewer (visited)         Ossuary (visited)           IceCv (visited)
Gauntlet (visited)
  Slime: Lair:5-6

Altars:
Ashenzari
Cheibriados
Dithmenos
Elyvilon
Fedhas
Gozag
Hepliaklqana
Kikubaaqudgha
Makhleb
Nemelex Xobeh
Okawaru
Qazlal
Ru
Sif Muna
Trog
Uskayaw
Vehumet
Wu Jian
Xom
Yredelemnul
The Shining One

Shops:
D:5 [

Annotations:
Lair:3 3 runed translucent doors, exclusion: 4 oklob plants, Valentain's ghost, journeyman NaVM


Innate Abilities, Weirdness & Mutations

You reflexively headbutt those who attack you in melee.
You have a pair of horns on your head.


Message History

The elephant tramples you but does no damage.
You block the elephant's attack. The elephant closely misses you.
You riposte.
You slash the elephant!
The elephant is severely wounded.
The elephant trunk-slaps you.
* * * LOW HITPOINT WARNING * * *
You hit the death yak.
The death yak is heavily wounded.
You block the elephant's attack. The elephant trunk-slaps you.
* * * LOW HITPOINT WARNING * * *
The death yak gores you!!
* * * LOW HITPOINT WARNING * * *
You block the elephant's attack. x2
The elephant tramples you but does no damage.
The elephant trunk-slaps you but does no damage.
You slice the death yak!!
You kill the death yak!
Okawaru accepts your kill.
You feel sick. The elephant tramples you!
You die...

### ### #.### #.## ##..###..#####
#P...........## # ####
##P....###P....## ######..##
##.Y..### #......# .........#
#Y@YĆ·## ##.....##
...#.#...#######..>P# #.......#
...........#.###...## ##.^.....
....##........>.....## #..#...##
...###....#.####.....#####.##..##
...# ###.########.............>.#
...## #..##.P..#...###.##.###....
....####...._P....###P..#####..#.
.....##..#..P....#####.##P#....#.


You could see 3 elephants.

Vanquished Creatures
  A minotaur (Gauntlet)
  Fannar (Lair:2)
  A fire dragon (Lair:4)
  2 ice dragons (IceCv)
  3 hydras
  Erica (D:8)
  Urug (Lair:3)
  10 death yaks
  A two-headed ogre (D:8)
  An oklob plant (Lair:4)
  An elephant (Lair:4)
  2 ice statues (IceCv)
  Joseph (D:9)
  4 black mambas
  A black mamba (shapeshifter) (Gauntlet)
  An apocalypse crab (Gauntlet)
  A torpor snail (Lair:2)
  2 rime drakes (IceCv)
  6 spiny frogs
  2 komodo dragons (Lair:1)
  A minotaur zombie (Gauntlet)
  2 hornets
  A troll (D:10)
  2 tyrant leeches (Lair:2)
  3 hippogriffs
  A spriggan (Lair:1)
  18 yaks
  A wraith (D:11)
  A steam dragon (Lair:2)
  2 basilisks
  Grum (D:8)
  3 hungry ghosts
  A swamp worm (Lair:2)
  6 water moccasins
  3 orc warriors
  3 phantoms
  8 porcupines
  16 ice beasts
  A necrophage (D:10)
  2 sky beasts
  2 ogres
  4 centaurs
  32 wolves
  6 crocodiles
  3 big kobolds
  15 bullfrogs
  A spiny frog simulacrum (Gauntlet)
  A wyvern skeleton (D:11)
  15 scorpions
  14 wights (D:9)
  12 killer bees
  2 howler monkeys
  2 crimson imps
  A bullfrog zombie (D:9)
  4 centaur zombies (Ossuary)
  13 orc priests
  4 hounds
  A jelly (D:9)
  A bullfrog skeleton (D:11)
  A centaur skeleton (D:6)
  7 orc wizards
  2 iguanas
  6 worker ants
  A big kobold zombie (Ossuary)
  A bullfrog simulacrum (Gauntlet)
  3 centaur simulacra (Gauntlet)
  3 mummies (Ossuary)
  A worker ant zombie (D:9)
  A howler monkey skeleton (D:6)
  5 scorpion zombies (Ossuary)
  16 adders
  7 river rats
  4 shadow imps
  An ooze (D:6)
  6 worms
  2 dart slugs
  7 leopard geckos
  30 orcs
  2 giant cockroaches
  4 gnoll zombies (Ossuary)
  5 goblins
  6 hobgoblins
  9 jackals
  14 kobolds
  5 quokkas
  10 ball pythons (Sewer)
  4 bats
  8 frilled lizards
  A goblin zombie (Ossuary)
  A hobgoblin zombie (Ossuary)
  A jackal skeleton (D:6)
  5 kobold zombies (Ossuary)
  2 leopard gecko skeletons
  2 quokka skeletons
  A quokka zombie (D:6)
  29 rats
  2 fungi
  A plant (Lair:1)
468 creatures vanquished.

Vanquished Creatures (others)
  A centaur (D:11)
  A kobold (D:11)
  A fungus (Lair:2)
  5 plants
  13 withered plants (Gauntlet)
21 creatures vanquished.

Grand Total: 489 creatures vanquished

Notes
Turn   | Place    | Note
-------+----------+-------------------------------------------
     0 | D:1      | Peloso the Minotaur Fighter began the quest for the Orb.
     0 | D:1      | Reached XP level 1. HP: 19/19 MP: 0/0
   172 | D:1      | Reached XP level 2. HP: 26/27 MP: 1/1
   718 | D:2      | Reached XP level 3. HP: 33/33 MP: 2/2
   833 | D:2      | You fall into a shaft and drop 2 floors!
   858 | D:4      | Reached XP level 4. HP: 27/40 MP: 3/3
   946 | D:4      | Found a glowing drain.
   951 | Sewer    | Entered a sewer
   969 | Sewer    | Reached skill level 1 in Dodging
  1049 | Sewer    | Reached XP level 5. HP: 46/46 MP: 4/4
  1490 | Sewer    | Reached skill level 5 in Shields
  1490 | Sewer    | Reached XP level 6. HP: 49/53 MP: 5/5
  1582 | D:4      | Reached skill level 5 in Armour
  1591 | D:4      | Found a staircase to the Ecumenical Temple.
  1637 | Temple   | Entered the Ecumenical Temple
  1656 | Temple   | Became a worshipper of Warmaster Okawaru
  1716 | D:4      | Reached XP level 7. HP: 26/60 MP: 6/6
  1718 | D:4      | Reached skill level 5 in Fighting
  1718 | D:4      | Reached skill level 5 in Long Blades
  1816 | D:4      | Reached * piety under Okawaru
  2039 | D:4      | Found a shimmering altar of Xom.
  2549 | D:3      | Found a white marble altar of Elyvilon.
  2654 | D:3      | Found a snail-covered altar of Cheibriados.
  2654 | D:3      | Found a bloodstained altar of Trog.
  2679 | D:3      | Found a burning altar of Makhleb.
  2921 | D:3      | Found a basalt altar of Yredelemnul.
  2994 | D:3      | Found a hide-covered altar of Uskayaw.
  2998 | D:3      | Noticed a +0 hand axe
  2998 | D:3      | Noticed a +0 hand axe
  3731 | D:5      | Entered Level 5 of the Dungeon
  4297 | D:5      | Got a bloodstained leather armour
  4308 | D:5      | Identified the +3 leather armour of Wesaunah {rF+ rC+} (You
                  | found it on level 5 of the Dungeon)
  4375 | D:5      | Found Quokebb's Antique Armour Boutique.
  4430 | D:5      | Reached XP level 8. HP: 20/68 MP: 7/7
  4730 | D:5      | Found a shadowy altar of Dithmenos.
  5880 | D:6      | You fall into a shaft and drop 1 floor!
  5899 | D:7      | Reached ** piety under Okawaru
  6014 | D:7      | Found a sand-covered staircase.
  6143 | Ossuary  | Entered an ossuary
  6256 | Ossuary  | Reached XP level 9. HP: 49/78 MP: 8/8
  7644 | D:7      | Found a glowing golden altar of the Shining One.
  7713 | D:7      | Reached *** piety under Okawaru
  8026 | D:7      | Found a sacrificial altar of Ru.
  8527 | D:8      | Noticed a two-headed ogre
  8533 | D:8      | Killed a two-headed ogre
  8533 | D:8      | Reached **** piety under Okawaru
  8575 | D:8      | Noticed Erica
  8585 | D:8      | Killed Erica
  8585 | D:8      | Reached skill level 10 in Long Blades
  8585 | D:8      | Reached XP level 10. HP: 61/86 MP: 9/9
  8842 | D:8      | Reached ***** piety under Okawaru
  8842 | D:8      | Noticed Grum
  8848 | D:8      | Killed Grum
  9417 | D:9      | Noticed Joseph
  9429 | D:9      | Killed Joseph
  9429 | D:9      | Received a gift from Okawaru
  9442 | D:9      | Reached skill level 1 in Invocations
  9717 | D:9      | Reached skill level 10 in Shields
  9727 | D:9      | Got an ancient cloak {god gift}
  9738 | D:9      | Identified the +1 cloak of the Good {rF+ rC+ SInv} (Okawaru
                  | gifted it to you on level 9 of the Dungeon)
 10421 | D:10     | Entered Level 10 of the Dungeon
 10685 | D:10     | Reached XP level 11. HP: 35/95 MP: 10/10
 11017 | D:10     | Reached skill level 5 in Dodging
 11547 | D:11     | Found a frozen archway.
 11560 | IceCv    | Entered an ice cave
 11629 | IceCv    | Reached skill level 10 in Armour
 11901 | IceCv    | Reached skill level 1 in Stealth
 12136 | IceCv    | Noticed an ice dragon
 12136 | IceCv    | Noticed an ice dragon
 12154 | IceCv    | Killed an ice dragon
 12170 | IceCv    | Killed an ice dragon
 12567 | D:11     | Found a staircase to the Orcish Mines.
 12842 | D:11     | Found a staircase to the Lair.
 13355 | Lair:1   | Entered Level 1 of the Lair of Beasts
 13381 | Lair:1   | Received a gift from Okawaru
 13382 | Lair:1   | Found the +8 arc blade {discharge, rElec}
 13387 | Lair:1   | Reached XP level 12. HP: 78/105 MP: 12/12
 13462 | Lair:1   | Found a gate leading to a gauntlet.
 13485 | Gauntlet | Entered a Gauntlet
 13485 | Gauntlet | Found a transporter.
 13498 | Gauntlet | Found a transporter.
 13500 | Gauntlet | Found a transporter.
 13500 | Gauntlet | Found a transporter.
 13517 | Gauntlet | Found a transporter.
 13531 | Gauntlet | Found a transporter.
 13535 | Gauntlet | Found a large runed translucent door.
 13535 | Gauntlet | Found a large runed translucent door.
 13537 | Gauntlet | Found a large runed translucent door.
 13537 | Gauntlet | Found a large runed translucent door.
 13537 | Gauntlet | Found a large runed translucent door.
 13538 | Gauntlet | Found a runed translucent door.
 13539 | Gauntlet | Found a transporter.
 13540 | Gauntlet | Found a runed translucent door.
 13541 | Gauntlet | Found a large runed translucent door.
 13541 | Gauntlet | Found a large runed translucent door.
 13541 | Gauntlet | Found a large runed translucent door.
 13542 | Gauntlet | Found a large runed translucent door.
 13543 | Gauntlet | Found a large runed translucent door.
 13549 | Gauntlet | Found a large runed translucent door.
 13549 | Gauntlet | Found a large runed translucent door.
 13550 | Gauntlet | Found a large runed translucent door.
 13550 | Gauntlet | Found a large runed translucent door.
 13550 | Gauntlet | Found a large runed translucent door.
 13552 | Gauntlet | Found a runed translucent gate.
 13552 | Gauntlet | Found a runed translucent gate.
 13552 | Gauntlet | Found a runed translucent gate.
 13553 | Gauntlet | Noticed a hell hog
 13554 | Gauntlet | Found a transporter.
 13565 | Gauntlet | Found a large runed translucent door.
 13571 | Gauntlet | Noticed a ghost moth
 13572 | Gauntlet | Noticed a spark wasp
 13572 | Gauntlet | a ghost moth changed into a spark wasp
 13573 | Gauntlet | Found a transporter.
 13578 | Gauntlet | a spark wasp changed into a wolf spider
 13579 | Gauntlet | Noticed an anaconda
 13579 | Gauntlet | a wolf spider changed into an anaconda
 13583 | Gauntlet | an anaconda changed into a glowing shapeshifter
 13604 | Gauntlet | Found a transporter.
 13620 | Gauntlet | Noticed a spark wasp
 13620 | Gauntlet | a snapping turtle changed into a spark wasp
 13623 | Gauntlet | Noticed a ghost moth
 13623 | Gauntlet | a spark wasp changed into a ghost moth
 13624 | Gauntlet | Noticed a spark wasp
 13624 | Gauntlet | a ghost moth changed into a spark wasp
 13636 | Gauntlet | Found a transporter.
 13641 | Gauntlet | Found a transporter.
 13665 | Gauntlet | Noticed a great orb of eyes
 13667 | Gauntlet | Found a transporter.
 13673 | Gauntlet | Found a transporter.
 13675 | Gauntlet | Found a transporter.
 13698 | Gauntlet | Found a transporter.
 13698 | Gauntlet | Noticed a ghost crab
 13703 | Gauntlet | Found a transporter.
 13754 | Gauntlet | Found a transporter.
 13861 | Gauntlet | Noticed an azure jelly
 13862 | Gauntlet | Noticed an anaconda
 14011 | Gauntlet | Noticed an iron dragon
 14014 | Gauntlet | Noticed an acid blob
 14014 | Gauntlet | an iron dragon changed into an acid blob
 14015 | Gauntlet | Noticed an entropy weaver
 14016 | Gauntlet | Noticed a shadow dragon
 14016 | Gauntlet | an acid blob changed into a shadow dragon
 14018 | Gauntlet | Noticed a quicksilver dragon
 14018 | Gauntlet | a shadow dragon changed into a quicksilver dragon
 14026 | Gauntlet | Noticed a sphinx
 14026 | Gauntlet | a quicksilver dragon changed into a sphinx
 14027 | Gauntlet | Noticed a shadow dragon
 14027 | Gauntlet | a sphinx changed into a shadow dragon
 14030 | Gauntlet | Noticed a seven-headed hydra
 14030 | Gauntlet | an entropy weaver changed into a seven-headed hydra
 14033 | Gauntlet | Noticed a caustic shrike
 14033 | Gauntlet | a shadow dragon changed into a caustic shrike
 14035 | Gauntlet | Noticed a catoblepas
 14035 | Gauntlet | a seven-headed hydra changed into a catoblepas
 14038 | Gauntlet | Noticed an iron giant
 14038 | Gauntlet | a caustic shrike changed into an iron giant
 14039 | Gauntlet | Noticed a golden dragon
 14039 | Gauntlet | an iron giant changed into a golden dragon
 14040 | Gauntlet | Noticed an iron dragon
 14040 | Gauntlet | a golden dragon changed into an iron dragon
 14043 | Gauntlet | Noticed a shadow dragon
 14043 | Gauntlet | an iron dragon changed into a shadow dragon
 14046 | Gauntlet | Noticed a frost giant
 14046 | Gauntlet | a shadow dragon changed into a frost giant
 14054 | Gauntlet | Noticed a quicksilver dragon
 14054 | Gauntlet | a frost giant changed into a quicksilver dragon
 14077 | Gauntlet | Got a shimmering cloak
 14081 | Gauntlet | Noticed an emperor scorpion
 14081 | Gauntlet | Noticed a ghost moth
 14081 | Gauntlet | an emperor scorpion changed into a ghost moth
 14136 | Gauntlet | Identified the +3 cloak of Purpose {Int+4} (You found it in
                  | a Gauntlet)
 14207 | Gauntlet | Noticed a minotaur
 14226 | Gauntlet | Killed a minotaur
 14229 | Gauntlet | Identified the Grimoire of Displaced Envenoming
 14604 | Lair:1   | Reached skill level 10 in Fighting
 14652 | Lair:1   | Reached ****** piety under Okawaru
 15116 | Lair:1   | Received a gift from Okawaru
 15799 | Lair:2   | Noticed a death yak
 15799 | Lair:2   | Noticed a death yak
 15799 | Lair:2   | Noticed a death yak
 15799 | Lair:2   | Noticed a death yak
 15799 | Lair:2   | Noticed a death yak
 15799 | Lair:2   | Noticed a death yak
 15822 | Lair:1   | Killed a death yak
 15829 | Lair:1   | Killed a death yak
 16110 | Lair:1   | Killed a death yak
 16121 | Lair:1   | Killed a death yak
 16125 | Lair:1   | Killed a death yak
 16417 | Lair:1   | Killed a death yak
 16689 | Lair:2   | Noticed a four-headed hydra
 16702 | Lair:2   | Killed a one-headed hydra
 16702 | Lair:2   | Received a gift from Okawaru
 16716 | Lair:2   | Reached XP level 13. HP: 80/116 MP: 13/13
 16719 | Lair:2   | Got a smoking broad axe {god gift}
 16720 | Lair:2   | Identified the +0 broad axe "Enuss" {chop, +Blink MP+9
                  | Str+2} (Okawaru gifted it to you on level 2 of the Lair of
                  | Beasts)
 17009 | Lair:2   | Found a staircase to the Swamp.
 17079 | Lair:2   | Noticed Fannar
 17109 | Lair:2   | Killed Fannar
 17428 | Lair:3   | Received a gift from Okawaru
 17640 | Lair:3   | Found a runed translucent gate.
 17645 | Lair:3   | Found a runed translucent gate.
 17707 | Lair:3   | Found a runed translucent gate.
 17708 | Lair:3   | Noticed Valentain's ghost (journeyman NaVM)
 17853 | Lair:3   | Noticed Urug
 17868 | Lair:3   | Killed Urug
 18103 | Lair:4   | Found a sacrificial altar of Ru.
 18122 | Lair:4   | Found a hole to the Spider Nest.
 18420 | Lair:4   | Noticed a fire dragon
 18436 | Lair:4   | Killed a fire dragon
 19172 | Lair:4   | Received a gift from Okawaru
 19181 | Lair:4   | Reached skill level 15 in Long Blades
 19181 | Lair:4   | Reached skill level 15 in Shields
 19186 | Lair:4   | Slain by an elephant

Levels and vault maps discovered:
D:1:      dpeg_arrival_orchard, layout_rooms
D:2:      cheibrodos_helix_gallery, layout_rooms, corexii_hall_statues_l
D:3:      layout_basic, gammafunk_temple_overflow_pools,
          dancing_weapons_uskayaw, nicolae_overflow_crystal_walls,
          kennysheep_ying_yang
D:4:      minmay_angry_zag, layout_basic, nicolae_overflow_hidden_temple,
          minmay_temple_entry_wispy, lightli_sewer_entry_pipes
D:5:      layout_cave_pools, serial_shops, nicolae_shop_behind_doors,
          first_ration, nicolae_dithmenos_the_darkroom
D:6:      layout_gridville
D:7:      layout_basic, lemuel_coloured_pillars_altar, lemuel_doored_altar,
          enter_ossuary_5
D:8:      layout_basic, uniq_erica, uniq_grum
D:9:      layout_loops_ring, uniq_joseph
D:10:     layout_irregular_city
D:11:     layout_stronghold, minmay_lair_entry_grove, orc_0_dummy,
          portal_ice_cave_entry_pillars_1
Temple:   minmay_temple_bridge_abc
Lair:1:   layout_cave_pods, gauntlet_entry_generic, grunt_forest_large_clearings
Lair:2:   layout_long_grid, minmay_swamp_entry_worms, worms_lemuel,
          grunt_megastairs_2, uniq_fannar
Lair:3:   layout_chaotic_city, gammafunk_ghost_hydra_chop, hibernation_bobbens,
          grunt_megastairs_5, infiniplex_staircase_pool_2,
          minmay_lair_oklob_chamber, lemuel_fruit_tree, uniq_urug
Lair:4:   dragon1_lemuel, layout_loops_ring, dummy_spider_entry,
          lemuel_oklob_altar
Lair:5:   layout_hall_layers, serial_bayou_pond_d, serial_bayou_shore_b,
          grunt_megastairs_3

Skill      XL: |  1  2  3  4  5  6  7  8  9 10 11 12 13 |
---------------+----------------------------------------+-----
Shields        | 4 5 6 7 9 10 12 13 15 | 15.0
Fighting       | 4 5 6 7 8 9 11 12 | 12.0
Armour         | 4 5 6 7 8 9 10 12 | 12.6
Long Blades    | 3 4 6 8 10 11 13 14 15 | 15.0
Dodging        | 1 2 3 4 5 |  5.3
Invocations    | 1 2 |  2.0
Stealth        | 1 |  1.1
Evocations     | |  0.6

Action                   |  1- 3 |  4- 6 |  7- 9 | 10-12 | 13-15 || total
-------------------------+-------+-------+-------+-------+-------++-------
Melee: Long sword        |    73 |   123 |   479 |       |       ||   675
       Headbutt          |     8 |    18 |   111 |   189 |    63 ||   389
       Scimitar          |       |       |       |   717 |   102 ||   819
       Double sword      |       |       |       |       |    93 ||    93
Invok: Heroism           |       |       |     2 |     6 |       ||     8
       Finesse           |       |       |       |     2 |       ||     2
Evoke: Wand              |       |       |       |     4 |       ||     4
  Use: Potion            |     4 |     2 |     1 |     4 |       ||    11
       Scroll            |       |       |     8 |    10 |       ||    18
  Eat: Chunk             |       |     2 |    12 |    17 |     4 ||    35
       Ration            |       |       |     4 |     3 |     1 ||     8
Armor: Scale mail        |    27 |    75 |    13 |       |       ||   115
       Chain mail        |       |       |   166 |       |       ||   166
       Plate armour      |       |       |       |   324 |    93 ||   417
Dodge: Dodged            |    22 |    78 |   128 |   178 |    50 ||   456
Block: Shield            |    52 |    84 |   278 |   645 |   171 ||  1230
       Reflection        |       |       |     1 |    19 |       ||    20
       Rpst.: Long sword |     4 |    21 |    40 |       |       ||    65
       Scimitar          |       |       |       |    49 |     6 ||    55
       Double sword      |       |       |       |       |     8 ||     8
